 Dungeon Crawl Stone Soup version 0.17-a0-1105-gbe8b664 (webtiles) character file.

106 l0ser140 the Sneak (level 4, -7/27 HPs)
             Began as an Octopode Fire Elementalist on May 21, 2015.
             Mangled by an ogre
             ... wielding a +0 giant spiked club
              (34 damage)
             ... on level 4 of the Dungeon.
             The game lasted 00:11:51 (3175 turns).

l0ser140 the Sneak (Octopode Fire Elementalist)     Turns: 3175, Time: 00:11:51

Health: -7/27      AC:  1    Str:  7    XL:     4   Next: 84%
Magic:  5/7        EV: 12    Int: 18    God:
Gold:   115        SH:  0    Dex: 12    Spells: 3 memorised, 1 level left

rFire  . . .     SeeInvis .     q - +0 blowgun {@w1}
rCold  . . .     Clarity  .     (no shield)
rNeg   + . .     SustAb   .     (helmet restricted)
rPois  .         Gourm    .     (no amulet)
rElec  .         Spirit   .     h - ring of positive energy
rCorr  .         Warding  .     (no ring)
rMut   .         Stasis   .     (no ring)
MR     .....                    (no ring)
Stlth  ++++......               (no ring)
                                (no ring)
                                (no ring)
                                (no ring)

@: not resistant to hostile enchantments, stealthy
A: almost no armour, amphibious, 8 rings, constrict 8, camouflage 1, gelatinous
body 1
a: no special abilities


You were on level 4 of the Dungeon.
You were hungry.

You visited 1 branch of the dungeon, and saw 4 of its levels.

You collected 115 gold pieces.

Inventory:

Hand weapons
 q - a +0 blowgun (weapon) {@w1}
Missiles
 s - 26 poisoned needles (quivered)
Jewellery
 h - a ring of positive energy (left tentacle)
   (You found it on level 1 of the Dungeon)
Scrolls
 d - a scroll of enchant armour {unknown}
 e - a scroll of teleportation {unknown}
 g - a scroll of magic mapping {unknown}
 j - a scroll of random uselessness {unknown}
 m - a scroll of fog {unknown}
 n - a scroll of fear {unknown}
 o - 2 scrolls of identify {unknown}
 u - 2 scrolls of immolation {unknown}
Potions
 c - a potion of curing {unknown}
 f - a potion of cure mutation {unknown}
 i - a potion of resistance {unknown}
 l - a potion of brilliance {unknown}
 p - a potion of ambrosia {unknown}
 t - a potion of invisibility {unknown}
 v - a potion of poison {unknown}
 w - a potion of agility {unknown}
Books
 a - a book of Flames

   Spells                             Type                      Level
   a - Flame Tongue                   Conjuration/Fire             1
   b - Throw Flame                    Conjuration/Fire             2
   c - Conjure Flame                  Conjuration/Fire             3
   d - Inner Flame                    Hexes/Fire                   3
   e - Sticky Flame                   Conjuration/Fire             4
   f - Fireball                       Conjuration/Fire             5
Comestibles
 b - 2 bread rations
 k - a beef jerky
 r - 2 meat rations


   Skills:
 - Level 2.0 Dodging
 + Level 4.4 Stealth
 - Level 2.0 Spellcasting
 * Level 3.7 Conjurations
 - Level 3.0 Fire Magic


You had one spell level left.
You knew the following spells:

 Your Spells              Type           Power        Failure   Level  Hunger
a - Flame Tongue          Conj/Fire      ##...        6%          1    #......
q - Conjure Flame         Conj/Fire      ##......     17%         3    ###....
s - Throw Flame           Conj/Fire      ##....       10%         2    ###....


Dungeon Overview and Level Annotations

Branches:
Dungeon (4/15)
 Temple: D:4-7

Altars:

Annotations:
D:3 exclusions: giant cockroach and ogre, Terence
D:4 exclusions: ogre and slave, Blork the orc, Pikel


Innate Abilities, Weirdness & Mutations

You cannot wear most types of armour.
You are amphibious.
You can wear up to eight rings at the same time.
You can use your tentacles to constrict eight enemies at once.
Your skin changes colour to match your surroundings (Stealth).
Your rubbery body absorbs attacks (AC +1).


Message History

Wield which item (- for none, * to show all)? (? for menu, Esc to quit)
q - a +0 blowgun (weapon)
{@w1} You start waiting.
You are feeling hungry.
Eat which item? (? for menu, Esc to quit)
Okay, then.
The ogre shouts!
Firing (i - inventory):
s - 31 poisoned needles (quivered)
Press: ? - help, Shift-Dir - straight line, f - ogre
Aim: an ogre, wielding a giant spiked club You shoot a poisoned needle.
The poisoned needle barely misses the ogre.
Firing (i - inventory):
s - 30 poisoned needles (quivered)
Press: ? - help, Shift-Dir - straight line, f/p - ogre
Aim: an ogre, wielding a giant spiked club You shoot a poisoned needle.
The poisoned needle hits the ogre!
The ogre is poisoned.
Firing (i - inventory):
s - 29 poisoned needles (quivered)
Press: ? - help, Shift-Dir - straight line, f/p - ogre
Aim: an ogre, wielding a giant spiked club (lightly wounded, poisoned)
You shoot a poisoned needle.
The poisoned needle barely misses the ogre.
Firing (i - inventory):
s - 28 poisoned needles (quivered)
Press: ? - help, Shift-Dir - straight line, f/p - ogre
Aim: an ogre, wielding a giant spiked club (moderately wounded, poisoned)
You shoot a poisoned needle.
The poisoned needle barely misses the ogre.
Firing (i - inventory):
s - 27 poisoned needles (quivered)
Press: ? - help, Shift-Dir - straight line, f/p - ogre
Aim: an ogre, wielding a giant spiked club (moderately wounded, poisoned)
You shoot a poisoned needle. The poisoned needle hits the ogre!
The ogre looks even sicker.
The ogre is moderately wounded.
Casting: Flame Tongue
Confirm with . or Enter, or press ? or * to list all spells.
Aiming: Flame Tongue
Press: ? - help, Shift-Dir - straight line, f/p - ogre
Aim: an ogre, wielding a giant spiked club (moderately wounded, poisoned)
The flame tongue hits the ogre.
The ogre is moderately wounded.
Casting: Flame Tongue
Confirm with . or Enter, or press ? or * to list all spells.
Aiming: Flame Tongue
Press: ? - help, Shift-Dir - straight line, f/p - ogre
Aim: an ogre, wielding a giant spiked club (moderately wounded, poisoned)
The flame tongue hits the ogre.
The ogre is heavily wounded.
The ogre hits you with a giant spiked club!!
Ouch! That really hurt!
You die...

#..# #....# #..#
##..### #..# ###...#
#..## ###.....##
#...###........##
#)..#...........# .#
###.........####.(.
..#######..O......(##
###.
.....^....x######..#
## .........### #..##
# #......## ##..#
####...# #..# ##..##
#..# #...# ##.. ##..#
#..# #..# #... ##..#
##..#


You could see an ogre.

Vanquished Creatures
  A hound (D:4)
  2 adders (D:3 D:4)
  5 orcs (D:3)
  9 goblins (D:1 D:2 D:3 D:4)
  5 hobgoblins (D:2 D:3)
  A ball python (D:1)
  8 bats (D:1 D:2 D:3 D:4)
  3 giant cockroaches (D:1 D:2 D:3)
  2 giant newts (D:2 D:3)
  10 kobolds (D:1 D:2 D:3 D:4)
  7 rats (D:1 D:2 D:3)
53 creatures vanquished.

Notes
Turn   | Place    | Note
--------------------------------------------------------------
     0 | D:1      | l0ser140 the Octopode Fire Elementalist began the quest for the Orb.
     0 | D:1      | Reached XP level 1. HP: 11/11 MP: 3/3
   299 | D:1      | Reached skill level 3 in Stealth
   310 | D:1      | Huge Dmg: 2 Dmg
   469 | D:1      | Reached XP level 2. HP: 13/17 MP: 5/5
   552 | D:1      | Learned a level 2 spell: Throw Flame
   848 | D:2      | Huge Dmg: 4 Dmg
  1029 | D:2      | Reached skill level 2 in Conjurations
  1423 | D:3      | Reached XP level 3. HP: 21/21 MP: 0/6
  1729 | D:3      | Noticed an ogre
  1848 | D:3      | Huge Dmg: 5 Dmg
  2079 | D:3      | Reached skill level 3 in Conjurations
  2217 | D:3      | Noticed Terence
  2268 | D:3      | Huge Dmg: 5 Dmg
  2492 | D:3      | Reached XP level 4. HP: 27/27 MP: 7/7
  2580 | D:3      | Learned a level 3 spell: Conjure Flame
  2633 | D:4      | Noticed Pikel
  2633 | D:4      | Noticed a slave
  2712 | D:4      | Reached skill level 4 in Stealth
  2960 | D:4      | Noticed Blork the orc
  2997 | D:4      | Noticed an ogre
  3175 | D:4      | Mangled by an ogre

Vault maps used:
D:1:      ncdulo_watergridlock, roderic_serpentine_path
D:2:      minmay_unequal
D:3:      first_bread, uniq_terence
D:4:      minmay_temple_entry_from_below_a, uniq_pikel, uniq_blork_the_orc,
          uniq_menkaure

Action                   |  1- 3 |  4- 6 || total
-------------------------+-------+-------++-------
Melee: Unarmed           |    52 |    13 ||    65
 Fire: Blowgun           |       |     5 ||     5
 Cast: Flame Tongue      |    36 |     8 ||    44
       Throw Flame       |    22 |     5 ||    27
 Stab: Sleeping          |     5 |     3 ||     8
  Eat: Chunk             |     7 |     2 ||     9

Vault maps used:
D:1:      ncdulo_watergridlock, roderic_serpentine_path
D:2:      minmay_unequal
D:3:      first_bread, uniq_terence
D:4:      minmay_temple_entry_from_below_a, uniq_pikel, uniq_blork_the_orc,
          uniq_menkaure
